[Event "FIDE Womens World Cup 2021"]
[Site "Sochi"]
[Date "2021.07.17"]
[Round "2.3"]
[White "Javakhishvili, Lela"]
[Black "Mammadova, Gulnar"]
[Result "0-1"]
[ECO "E73"]
[WhiteElo "2470"]
[BlackElo "2385"]
[Annotator "ChessBase"]
[PlyCount "176"]
[EventDate "2021.07.12"]
[EventType "k.o."]
[EventCountry "RUS"]
[SourceTitle "playchess.com"]
[Source "ChessBase"]
[SourceQuality "1"]
[TimeControl "1500+10"]

1. d4 Nf6 2. c4 g6 3. Nc3 Bg7 4. e4 d6 5. Be2 O-O 6. Be3 c5 7. d5 e6 8. Nf3 exd5 9. cxd5 Re8 10. Nd2 Na6 11. O-O Nc7 12. a4 Rb8 13. h3 b6 14. Qc2 a6 15. Nc4 b5 16. Na5 Bd7 17. Bf3 b4 18. Nb1 Ncxd5 19. Nc4 Nxe3 20. fxe3 Qc7 21. Qd3 Bc6 22. Qxd6 Qxd6 23. Nxd6 Re6 24. e5 Bxf3 25. Rxf3 Rxe5 26. Nd2 Re6 27. N2c4 Bf8 28. Raf1 Be7 29. e4 Nxe4 30. Nxf7 Kg7 31. Nfe5 Bf6 32. Nd3 Rd8 33. Nf4 Bd4+ 34. Kh2 Re7 35. Re1 Rde8 36. Nd5 Rd7 37. Nf4 Rf7 38. g3 Kg8 39. Ref1 Ng5 40. Rd3 Ref8 41. h4 Ne6 42. Nxe6 Rxf1 43. Nxf8 Kxf8 44. Rd2 Kf7 45. Re2 Kf6 46. Kg2 Rb1 47. g4 h5 48. g5+ Kg7 49. Re7+ Kf8 50. Re2 b3 51. Kf3 Rf1+ 52. Kg3 Rg1+ 53. Kf3 Rf1+ 54. Kg3 Rf7 55. Na5 Re7 56. Rxe7 Kxe7 57. Nxb3 Be5+ 58. Kf3 Kd6 59. Nd2 Kd5 60. b3 Kd4 61. Ne4 Bc7 62. Nf6 a5 63. Nd7 Bd8 64. Nf8 Kc3 65. Nxg6 Kxb3 66. Nf4 c4 67. Nd5 c3 68. g6 c2 69. g7 c1=Q 70. g8=Q Qf1+ 71. Ke4 Qc4+ 72. Kf5 Bxh4 73. Qb8+ Ka3 74. Qd6+ Ka2 75. Qh2+ Kb3 76. Qb8+ Ka2 77. Qh2+ Kb1 78. Qh1+ Kb2 79. Qh2+ Qc2+ 80. Qxc2+ Kxc2 81. Nf4 Kb3 82. Nd3 Kxa4 83. Kg6 Be7 84. Kxh5 Kb3 85. Kg4 a4 86. Kf3 a3 87. Ke2 Bg5 88. Nc5+ Kc4 0-1

[Event "FIDE Womens World Cup 2021"]
[Site "Sochi"]
[Date "2021.07.17"]
[Round "2.3"]
[White "Paehtz, Elisabeth"]
[Black "Salimova, Nurgyul"]
[Result "1-0"]
[ECO "D45"]
[WhiteElo "2466"]
[BlackElo "2395"]
[Annotator "ChessBase"]
[PlyCount "47"]
[EventDate "2021.07.12"]
[EventType "k.o."]
[EventCountry "RUS"]
[SourceTitle "playchess.com"]
[Source "ChessBase"]
[SourceQuality "1"]
[TimeControl "1500+10"]

1. d4 Nf6 2. Nf3 e6 3. c4 d5 4. Nc3 c6 5. e3 Nbd7 6. Be2 dxc4 7. a4 c5 8. O-O cxd4 9. Qxd4 Bc5 10. Qxc4 Qe7 11. e4 Ng4 12. Bf4 Nb6 13. Qb3 e5 14. Bb5+ Kf8 15. Bg3 Be6 16. Nd5 Bxd5 17. exd5 f6 18. a5 Nc8 19. Rac1 b6 20. Qa4 Nh6 21. Bd7 e4 22. Rfe1 Bb4 23. d6 Qd8 24. Rxe4 1-0

[Event "FIDE Womens World Cup 2021"]
[Site "Sochi"]
[Date "2021.07.17"]
[Round "2.3"]
[White "Sebag, Marie"]
[Black "Skripchenko, Almira"]
[Result "1/2-1/2"]
[ECO "C41"]
[WhiteElo "2438"]
[BlackElo "2411"]
[Annotator "NA"]
[PlyCount "72"]
[EventDate "2021.07.12"]
[EventType "k.o."]
[EventCountry "RUS"]
[SourceTitle "playchess.com"]
[Source "ChessBase"]
[SourceQuality "1"]
[TimeControl "1500+10"]

1. e4 d6 2. d4 Nf6 3. Nc3 e5 4. Nf3 Nbd7 5. Bc4 Be7 6. O-O O-O 7. a4 a6 8. a5 h6 9. h3 exd4 10. Nxd4 Ne5 11. Ba2 c5 12. Nde2 Be6 13. Nf4 Bxa2 14. Rxa2 Nc6 15. Nfd5 Re8 16. Qf3 Nb4 17. Nxb4 cxb4 18. Ne2 Qc8 19. b3 Qe6 20. Ng3 d5 21. e5 Qxe5 22. Bb2 d4 23. Nf5 Bc5 24. Raa1 Rad8 25. Rad1 Rd7 26. Rd3 Rd5 27. Ne3 Rd7 28. Nf5 Red8 29. Rfd1 Kh7 30. Ng3 Qe6 31. Nf5 Qe5 32. Ng3 b6 33. axb6 Bxb6 34. Qc6 Rd6 35. Qb7 a5 36. Qxf7 R8d7 1/2-1/2

[Event "FIDE Womens World Cup 2021"]
[Site "Sochi"]
[Date "2021.07.17"]
[Round "2.3"]
[White "Yip, Carissa"]
[Black "Buksa, Nataliya"]
[Result "1-0"]
[ECO "B48"]
[WhiteElo "2430"]
[BlackElo "2413"]
[Annotator "NA"]
[PlyCount "107"]
[EventDate "2021.07.12"]
[EventType "k.o."]
[EventCountry "RUS"]
[SourceTitle "playchess.com"]
[Source "ChessBase"]
[SourceQuality "1"]
[TimeControl "1500+10"]

1. e4 c5 2. Nf3 e6 3. d4 cxd4 4. Nxd4 Nc6 5. Nc3 Qc7 6. Be3 a6 7. Qf3 Nf6 8. O-O-O Ne5 9. Qg3 b5 10. f4 Neg4 11. Bd2 b4 12. Na4 h5 13. Bd3 d5 14. e5 Ne4 15. Bxe4 dxe4 16. h3 Nh6 17. Bxb4 Bxb4 18. Qxg7 Rg8 19. Qxh6 Bd7 20. f5 Bf8 21. Qxh5 Bxa4 22. fxe6 O-O-O 23. Qe2 Qb6 24. exf7 Rg6 25. Qc4+ Bc6 26. Ne6 Rxe6 27. Qxe6+ Kb7 28. Qb3 Qxb3 29. axb3 Rc8 30. e6 Be7 31. Rhe1 Rh8 32. Kb1 Kc8 33. Rd4 Rh6 34. Rdxe4 Bxe4 35. Rxe4 Rf6 36. g4 Kd8 37. b4 Bf8 38. Ka2 Rf3 39. h4 Ke7 40. g5 Rf5 41. Kb3 Bg7 42. c3 Bf8 43. Kc4 Bg7 44. Kd3 Bf8 45. c4 Bg7 46. c5 Rf3+ 47. Re3 Rf4 48. Re4 Rf3+ 49. Ke2 Rb3 50. h5 Bxb2 51. Rc4 Be5 52. c6 Bc7 53. Rd4 Rb2+ 54. Kd1 1-0

[Event "FIDE Womens World Cup 2021"]
[Site "Sochi"]
[Date "2021.07.17"]
[Round "2.3"]
[White "Badelka, Olga"]
[Black "Matnadze, Ana"]
[Result "0-1"]
[ECO "D35"]
[WhiteElo "2418"]
[BlackElo "2421"]
[Annotator "NA"]
[PlyCount "74"]
[EventDate "2021.07.12"]
[EventType "k.o."]
[EventCountry "RUS"]
[SourceTitle "playchess.com"]
[Source "ChessBase"]
[SourceQuality "1"]
[TimeControl "1500+10"]

1. d4 Nf6 2. c4 e6 3. Nc3 d5 4. cxd5 exd5 5. Bg5 c6 6. e3 Nbd7 7. Bd3 Be7 8. Qc2 Nf8 9. Nge2 Ne6 10. Bh4 g6 11. f3 O-O 12. O-O b6 13. Rad1 Bb7 14. Kh1 Nh5 15. Bxe7 Qxe7 16. e4 Rac8 17. Qd2 Rcd8 18. Qe3 Rfe8 19. e5 f6 20. f4 fxe5 21. fxe5 c5 22. Rde1 Qh4 23. Nb5 Rf8 24. Kg1 Ba8 25. Nxa7 cxd4 26. Qd2 Ng5 27. Nb5 Ne4 28. Bxe4 dxe4 29. Nexd4 Nf4 30. Qe3 Nd3 31. Rd1 Nxe5 32. Ne6 Rxd1 33. Rxd1 Qg4 34. Qb3 Nf3+ 35. Kh1 Nd2 36. Qc2 e3 37. Nf4 Qxf4 0-1

[Event "FIDE Womens World Cup 2021"]
[Site "Sochi"]
[Date "2021.07.17"]
[Round "2.3"]
[White "Socko, Monika"]
[Black "Cramling, Pia"]
[Result "1/2-1/2"]
[ECO "E10"]
[WhiteElo "2393"]
[BlackElo "2459"]
[Annotator "ChessBase"]
[PlyCount "131"]
[EventDate "2021.07.12"]
[EventType "k.o."]
[EventCountry "RUS"]
[SourceTitle "playchess.com"]
[Source "ChessBase"]
[SourceQuality "1"]
[TimeControl "1500+10"]

1. d4 Nf6 2. c4 e6 3. Nf3 d5 4. g3 Bb4+ 5. Bd2 a5 6. Bg2 O-O 7. a3 Be7 8. cxd5 exd5 9. O-O c6 10. Nc3 Ne4 11. Rc1 Na6 12. Bf4 Nxc3 13. Rxc3 Nc7 14. Bxc7 Qxc7 15. Ne5 Qb6 16. Rb3 Qa7 17. e3 Bf5 18. Qh5 Be6 19. Rc3 Qb6 20. Qe2 Rad8 21. Rfc1 Rfe8 22. Qc2 Bd6 23. Nf3 g6 24. Bf1 Bf5 25. Bd3 Bxd3 26. Rxd3 Qb5 27. Kg2 a4 28. h4 h5 29. Ng5 Be7 30. Nh3 Qa6 31. Qd1 Qa8 32. Rdc3 Bd6 33. Qf3 Qc8 34. Ng5 Qd7 35. Re1 Kg7 36. Rcc1 f6 37. Nh3 Qg4 38. Qxg4 hxg4 39. Ng1 f5 40. Ne2 Ra8 41. Nc3 Kf6 42. Rh1 Rh8 43. Rhf1 Ra6 44. Rc2 Re8 45. Rd1 Ra7 46. Kf1 Ke6 47. Ke2 Kd7 48. Kd3 Ra6 49. Rh1 Rh8 50. Rcc1 b5 51. Ra1 Raa8 52. Rhc1 Rh7 53. Rc2 Ra6 54. Ne2 Rh8 55. Nc1 Raa8 56. Ke2 g5 57. hxg5 Rh1 58. Rd2 Rah8 59. Rd1 Rxd1 60. Kxd1 Ke6 61. Ke2 Rh1 62. Nb3 Rh2 63. Nc5+ Bxc5 64. dxc5 Kf7 65. Rf1 Kg6 66. Rd1 1/2-1/2

[Event "FIDE Womens World Cup 2021"]
[Site "Sochi"]
[Date "2021.07.17"]
[Round "2.3"]
[White "Assaubayeva, Bibisara"]
[Black "Abdumalik, Zhansaya"]
[Result "1/2-1/2"]
[ECO "D43"]
[WhiteElo "2389"]
[BlackElo "2505"]
[Annotator "ChessBase"]
[PlyCount "78"]
[EventDate "2021.07.12"]
[EventType "k.o."]
[EventCountry "RUS"]
[SourceTitle "playchess.com"]
[Source "ChessBase"]
[SourceQuality "1"]
[TimeControl "1500+10"]

1. d4 Nf6 2. c4 e6 3. Nf3 d5 4. Nc3 c6 5. Bg5 h6 6. Bxf6 Qxf6 7. e3 Nd7 8. Bd3 dxc4 9. Bxc4 g6 10. O-O Bg7 11. e4 O-O 12. e5 Qe7 13. Re1 b5 14. Bd3 Rd8 15. Qc2 Bb7 16. Be4 Rab8 17. Rad1 Nb6 18. Ne2 Rbc8 19. Nf4 c5 20. Bxb7 Qxb7 21. dxc5 Rxd1 22. Rxd1 Nd7 23. b4 Nxe5 24. Nxe5 Bxe5 25. Nxg6 fxg6 26. Qxg6+ Bg7 27. Qxe6+ Kh8 28. Rd7 Qb8 29. g3 Re8 30. Qd5 Rf8 31. Re7 Bf6 32. Rb7 Qe8 33. Rxa7 Bg7 34. Qd2 Qe4 35. Rd7 Qb1+ 36. Kg2 Qe4+ 37. Kg1 Qb1+ 38. Kg2 Qe4+ 39. Kg1 Qb1+ 1/2-1/2

[Event "FIDE Womens World Cup 2021"]
[Site "Sochi"]
[Date "2021.07.17"]
[Round "2.3"]
[White "Padmini, Rout"]
[Black "Khademalsharieh, Sarasadat"]
[Result "0-1"]
[ECO "C55"]
[WhiteElo "2370"]
[BlackElo "2494"]
[Annotator "ChessBase"]
[PlyCount "150"]
[EventDate "2021.07.12"]
[EventType "k.o."]
[EventCountry "RUS"]
[SourceTitle "playchess.com"]
[Source "ChessBase"]
[SourceQuality "1"]
[TimeControl "1500+10"]

1. e4 e5 2. Nf3 Nc6 3. Bc4 Nf6 4. d4 exd4 5. e5 d5 6. Bb5 Ne4 7. Nxd4 Bd7 8. Bxc6 bxc6 9. O-O Bc5 10. f3 Ng5 11. f4 Ne4 12. Be3 Qb8 13. b3 Qb6 14. Qd3 a5 15. Nd2 Nxd2 16. Qxd2 Bxd4 17. Bxd4 c5 18. Bb2 d4 19. f5 O-O-O 20. Rae1 Rhe8 21. Rf2 Bc6 22. Ba3 Bd5 23. c4 Bb7 24. Qg5 a4 25. Rb2 axb3 26. Rxb3 Qa5 27. Qg3 d3 28. Rd1 d2 29. Qe3 Rd4 30. Bb2 Rxc4 31. Qxd2 Qxd2 32. Rxd2 Be4 33. g4 h5 34. Rg3 h4 35. Re3 Bb1 36. h3 g6 37. e6 fxe6 38. fxe6 Be4 39. Bf6 Rxe6 40. Bxh4 Ra6 41. Rd8+ Kb7 42. Rb3+ Rb6 43. Rd2 Rxb3 44. axb3 Rc3 45. Bf2 Rxh3 46. Bxc5 Rxb3 47. Kf2 Rf3+ 48. Ke2 Rg3 49. Rb2+ Kc6 50. Bf2 Rxg4 51. Ke3 Bf5 52. Kf3 Rc4 53. Be3 Rc3 54. Kf4 Rc4+ 55. Kf3 Kd5 56. Rd2+ Ke6 57. Rd8 Rc2 58. Re8+ Kd7 59. Rh8 c5 60. Kf4 Kc6 61. Rh1 Rc4+ 62. Kg5 Re4 63. Bf4 c4 64. Rh7 Re2 65. Rc7+ Kd5 66. Kf6 Kd4 67. Rc6 c3 68. Rd6+ Ke4 69. Bg5 c2 70. Rc6 Kf3 71. Rc4 Re6+ 72. Kg7 Ke2 73. Rc5 Rd6 74. Rc4 Rd2 75. Rc5 Kd1 0-1

[Event "FIDE Womens World Cup 2021"]
[Site "Sochi"]
[Date "2021.07.17"]
[Round "2.4"]
[White "Khademalsharieh, Sarasadat"]
[Black "Padmini, Rout"]
[Result "1-0"]
[ECO "D85"]
[WhiteElo "2494"]
[BlackElo "2370"]
[Annotator "ChessBase"]
[PlyCount "85"]
[EventDate "2021.07.12"]
[EventType "k.o."]
[EventCountry "RUS"]
[SourceTitle "playchess.com"]
[Source "ChessBase"]
[SourceQuality "1"]
[TimeControl "1500+10"]

1. d4 Nf6 2. c4 g6 3. Nc3 d5 4. cxd5 Nxd5 5. e4 Nxc3 6. bxc3 Bg7 7. Nf3 O-O 8. Be2 b6 9. Be3 Bb7 10. Qc2 c5 11. d5 Qd6 12. Rd1 e5 13. Nd2 Nd7 14. Nc4 Qe7 15. O-O f5 16. exf5 gxf5 17. f4 e4 18. Bf2 Qf6 19. Be1 a6 20. a4 b5 21. Na5 Qb6 22. c4 Bd4+ 23. Kh1 Nf6 24. Nxb7 Qxb7 25. Bc3 Bxc3 26. Qxc3 b4 27. Qe3 Qb6 28. Qh3 Ne8 29. g4 Nd6 30. gxf5 Nxf5 31. Bg4 Nd4 32. Be6+ Kh8 33. f5 Qd6 34. Qh6 Nxf5 35. Rxf5 Rxf5 36. Rg1 Qf8 37. Qh3 Rf3 38. Qg2 h6 39. d6 Rd8 40. d7 Rf6 41. Qxe4 Qe7 42. Rg6 Rxd7 43. Rg8# 1-0

[Event "FIDE Womens World Cup 2021"]
[Site "Sochi"]
[Date "2021.07.17"]
[Round "2.4"]
[White "Cramling, Pia"]
[Black "Socko, Monika"]
[Result "1/2-1/2"]
[ECO "E12"]
[WhiteElo "2459"]
[BlackElo "2393"]
[Annotator "ChessBase"]
[PlyCount "113"]
[EventDate "2021.07.12"]
[EventType "k.o."]
[EventCountry "RUS"]
[SourceTitle "playchess.com"]
[Source "ChessBase"]
[SourceQuality "1"]
[TimeControl "1500+10"]

1. d4 Nf6 2. c4 e6 3. Nf3 b6 4. a3 Ba6 5. Qc2 Bb7 6. Nc3 c5 7. e4 cxd4 8. Nxd4 Bc5 9. Nb3 Nc6 10. Bd3 O-O 11. Bf4 e5 12. Bd2 d6 13. O-O h6 14. Qd1 Nd4 15. Nxd4 Bxd4 16. Re1 Qd7 17. h3 Rac8 18. Rb1 Ba6 19. Qe2 Qe6 20. b3 Bxc3 21. Bxc3 Nd7 22. Qc2 Rfd8 23. Rbd1 Nc5 24. Be2 Qg6 25. Bg4 Rb8 26. Bf5 Qg5 27. Re3 Bc8 28. Rg3 Qf6 29. f4 Bxf5 30. exf5 Qe7 31. b4 Nd7 32. Rgd3 exf4 33. Rxd6 Nf8 34. Rxd8 Rxd8 35. Rxd8 Qxd8 36. Qe4 Qd1+ 37. Kh2 Qc1 38. Be5 Qxa3 39. Bd6 Qg3+ 40. Kh1 Qe3 41. Qxf4 Qxf4 42. Bxf4 Nd7 43. g4 Kf8 44. Kg2 Ke7 45. Kf3 a5 46. bxa5 bxa5 47. Ke4 a4 48. Bc1 Kd6 49. Kd4 Kc6 50. Ba3 g6 51. Bc1 h5 52. gxh5 gxh5 53. Ba3 Nf6 54. Ke5 Nd7+ 55. Kd4 Nf6 56. Ke5 Nd7+ 57. Ke4 1/2-1/2

[Event "FIDE Womens World Cup 2021"]
[Site "Sochi"]
[Date "2021.07.17"]
[Round "2.4"]
[White "Matnadze, Ana"]
[Black "Badelka, Olga"]
[Result "0-1"]
[ECO "A46"]
[WhiteElo "2421"]
[BlackElo "2418"]
[Annotator "NA"]
[PlyCount "72"]
[EventDate "2021.07.12"]
[EventType "k.o."]
[EventCountry "RUS"]
[SourceTitle "playchess.com"]
[Source "ChessBase"]
[SourceQuality "1"]
[TimeControl "1500+10"]

1. d4 Nf6 2. Nf3 c5 3. c3 b6 4. g3 Bb7 5. Bg2 g6 6. O-O Bg7 7. Ne5 Bxg2 8. Kxg2 O-O 9. a4 d6 10. Nf3 Nc6 11. Na3 d5 12. Bf4 Rc8 13. Ne5 Nh5 14. Qd2 Nxe5 15. dxe5 Qd7 16. Bh6 Bxh6 17. Qxh6 Qxa4 18. f3 Ng7 19. g4 f6 20. Rfd1 Rcd8 21. exf6 Rxf6 22. Qg5 Ne6 23. Qe5 Nf4+ 24. Kh1 Rdf8 25. Qxe7 Re6 26. Qc7 Rxe2 27. Re1 Qe8 28. Nc2 Nd3 29. Qd6 Nxe1 30. Rxa7 Nxc2 31. Qxd5+ Qe6 32. Qb7 Re1+ 33. Kg2 Qe2+ 34. Kg3 Rg1+ 35. Kh4 Qxh2+ 36. Kg5 Qf4+ 0-1

[Event "FIDE Womens World Cup 2021"]
[Site "Sochi"]
[Date "2021.07.17"]
[Round "2.4"]
[White "Buksa, Nataliya"]
[Black "Yip, Carissa"]
[Result "0-1"]
[ECO "B62"]
[WhiteElo "2413"]
[BlackElo "2430"]
[Annotator "NA"]
[PlyCount "70"]
[EventDate "2021.07.12"]
[EventType "k.o."]
[EventCountry "RUS"]
[SourceTitle "playchess.com"]
[Source "ChessBase"]
[SourceQuality "1"]
[TimeControl "1500+10"]

1. e4 c5 2. Nf3 d6 3. d4 cxd4 4. Nxd4 Nf6 5. Nc3 Nc6 6. Bg5 e6 7. Qd3 a6 8. Nxc6 bxc6 9. Qg3 Qa5 10. O-O-O Rb8 11. Bc4 h6 12. Bd2 Qb6 13. b3 d5 14. Bd3 d4 15. Na4 Qa7 16. c3 c5 17. cxd4 cxd4 18. Kb1 Bd7 19. Nb2 a5 20. Bxa5 Ra8 21. Nc4 Bb5 22. Qe5 Bxc4 23. Bxc4 Bc5 24. Bb5+ Kf8 25. a4 Ng4 26. Qg3 Qxa5 27. Qxg4 g6 28. Rd3 Kg7 29. Rc1 Ba3 30. Rc6 Rhc8 31. Ka2 Be7 32. e5 Qxb5 33. Rxc8 Qxd3 34. Rxa8 Qc2+ 35. Ka1 Bb4 0-1

[Event "FIDE Womens World Cup 2021"]
[Site "Sochi"]
[Date "2021.07.17"]
[Round "2.4"]
[White "Skripchenko, Almira"]
[Black "Sebag, Marie"]
[Result "1/2-1/2"]
[ECO "B51"]
[WhiteElo "2411"]
[BlackElo "2438"]
[Annotator "NA"]
[PlyCount "61"]
[EventDate "2021.07.12"]
[EventType "k.o."]
[EventCountry "RUS"]
[SourceTitle "playchess.com"]
[Source "ChessBase"]
[SourceQuality "1"]
[TimeControl "1500+10"]

1. e4 c5 2. Nf3 d6 3. Bb5+ Nd7 4. d4 cxd4 5. Qxd4 a6 6. Bxd7+ Bxd7 7. c4 e5 8. Qd3 b5 9. Nc3 bxc4 10. Qxc4 Be6 11. Qd3 h6 12. O-O Nf6 13. Rd1 Be7 14. Ne1 O-O 15. Nc2 Qb6 16. Ne3 Rac8 17. b3 Qb7 18. Ncd5 Nxd5 19. Nxd5 Bxd5 20. Qxd5 Qxd5 21. Rxd5 Rc6 22. Be3 Rfc8 23. Rad1 f6 24. f3 Kf7 25. Kf2 Ke6 26. Ke2 Bd8 27. R1d2 Bb6 28. Bxb6 Rxb6 29. Ra5 g6 30. g3 Rcc6 31. Ke3 1/2-1/2

[Event "FIDE Womens World Cup 2021"]
[Site "Sochi"]
[Date "2021.07.17"]
[Round "2.4"]
[White "Salimova, Nurgyul"]
[Black "Paehtz, Elisabeth"]
[Result "1-0"]
[ECO "E11"]
[WhiteElo "2395"]
[BlackElo "2466"]
[Annotator "ChessBase"]
[PlyCount "115"]
[EventDate "2021.07.12"]
[EventType "k.o."]
[EventCountry "RUS"]
[SourceTitle "playchess.com"]
[Source "ChessBase"]
[SourceQuality "1"]
[TimeControl "1500+10"]

1. d4 Nf6 2. c4 e6 3. Nf3 Bb4+ 4. Nbd2 c5 5. a3 Bxd2+ 6. Bxd2 cxd4 7. Nxd4 O-O 8. e3 d6 9. Be2 a6 10. O-O e5 11. Nb3 Nc6 12. Qc2 Be6 13. Rfd1 Rc8 14. Bc3 Qe7 15. e4 Rfd8 16. Nd2 Qc7 17. Qd3 Na5 18. b3 Nd7 19. Rac1 Qb6 20. Qc2 Nc6 21. Nf3 Nf6 22. Rd2 h6 23. Rcd1 Qc7 24. Qb1 Bg4 25. Nh4 Be6 26. Nf5 Bxf5 27. exf5 Qe7 28. Bf3 b5 29. cxb5 axb5 30. a4 b4 31. Bb2 Na5 32. Rd3 Rc5 33. Re3 Qc7 34. h4 h5 35. Qd3 Rd7 36. Re2 Nc6 37. Qe3 Re7 38. Qg5 Nd4 39. Bxd4 exd4 40. Rxe7 Qxe7 41. Qd2 Rc3 42. Qxd4 Rxb3 43. a5 d5 44. Bxd5 Nxd5 45. Qxd5 Ra3 46. Rc1 Qxh4 47. f6 gxf6 48. Qd6 Kg7 49. g3 Qg5 50. Rc8 Ra1+ 51. Kh2 Kh7 52. Qf8 Qg7 53. Qxb4 Ra2 54. Qb1+ Qg6 55. Qxa2 h4 56. Rc4 hxg3+ 57. fxg3 Qd3 58. Qc2 1-0

[Event "FIDE Womens World Cup 2021"]
[Site "Sochi"]
[Date "2021.07.17"]
[Round "2.4"]
[White "Mammadova, Gulnar"]
[Black "Javakhishvili, Lela"]
[Result "1-0"]
[ECO "B06"]
[WhiteElo "2385"]
[BlackElo "2470"]
[Annotator "ChessBase"]
[PlyCount "55"]
[EventDate "2021.07.12"]
[EventType "k.o."]
[EventCountry "RUS"]
[SourceTitle "playchess.com"]
[Source "ChessBase"]
[SourceQuality "1"]
[TimeControl "1500+10"]

1. e4 g6 2. d4 Bg7 3. Nc3 d6 4. Be3 c6 5. Qd2 Nd7 6. h4 h6 7. f4 Ngf6 8. Be2 Nb6 9. Nf3 Be6 10. b3 Qc7 11. a4 a6 12. Rd1 Ng4 13. Bg1 Nd7 14. h5 Ndf6 15. hxg6 fxg6 16. Nh4 g5 17. Ng6 Rg8 18. f5 Bf7 19. Bxg4 Nxg4 20. Qe2 Nf6 21. e5 dxe5 22. dxe5 Bxg6 23. exf6 Qg3+ 24. Kf1 Bxf6 25. Ne4 Qf4+ 26. Bf2 Be5 27. fxg6 Rxg6 28. Qf3 1-0

[Event "FIDE Womens World Cup 2021"]
[Site "Sochi"]
[Date "2021.07.17"]
[Round "2.5"]
[White "Paehtz, Elisabeth"]
[Black "Salimova, Nurgyul"]
[Result "1/2-1/2"]
[ECO "D45"]
[WhiteElo "2466"]
[BlackElo "2395"]
[Annotator "ChessBase"]
[PlyCount "71"]
[EventDate "2021.07.12"]
[EventType "k.o."]
[EventCountry "RUS"]
[SourceTitle "playchess.com"]
[Source "ChessBase"]
[SourceQuality "1"]
[TimeControl "600+10"]

1. d4 Nf6 2. Nf3 e6 3. c4 d5 4. Nc3 c6 5. e3 Nbd7 6. Be2 dxc4 7. a4 Bd6 8. Bxc4 O-O 9. O-O e5 10. Bb3 Qc7 11. Qc2 a5 12. h3 Nb6 13. dxe5 Bxe5 14. Nxe5 Qxe5 15. e4 Be6 16. Be3 Nc4 17. Bxc4 Bxc4 18. f4 Qe6 19. Rfe1 Rfe8 20. Bd4 Rad8 21. Qf2 Nd7 22. Rad1 f6 23. Be3 b5 24. axb5 cxb5 25. Rd4 Nb8 26. b3 Rxd4 27. Bxd4 Bxb3 28. Nxb5 Qd7 29. Nc3 Nc6 30. Bc5 a4 31. Nxa4 Qd3 32. Nb2 Qc2 33. Qxc2 Bxc2 34. Nc4 Rxe4 35. Rxe4 Bxe4 36. Nd2 1/2-1/2

[Event "FIDE Womens World Cup 2021"]
[Site "Sochi"]
[Date "2021.07.17"]
[Round "2.5"]
[White "Badelka, Olga"]
[Black "Matnadze, Ana"]
[Result "1/2-1/2"]
[ECO "D35"]
[WhiteElo "2418"]
[BlackElo "2421"]
[Annotator "NA"]
[PlyCount "135"]
[EventDate "2021.07.12"]
[EventType "k.o."]
[EventCountry "RUS"]
[SourceTitle "playchess.com"]
[Source "ChessBase"]
[SourceQuality "1"]
[TimeControl "600+10"]

1. d4 Nf6 2. c4 e6 3. Nc3 d5 4. cxd5 exd5 5. Bg5 c6 6. e3 Nbd7 7. Bd3 Be7 8. Qc2 Nf8 9. Nge2 Ne6 10. Bh4 g6 11. f3 O-O 12. O-O b6 13. Rad1 Bb7 14. Kh1 Nh5 15. Bxe7 Qxe7 16. e4 Rad8 17. exd5 cxd5 18. Qd2 Qf6 19. Bc2 Nhf4 20. Nxf4 Nxf4 21. Rfe1 Rfe8 22. Ba4 Re6 23. Rxe6 Nxe6 24. Bb3 h5 25. Qe3 Kg7 26. Kg1 h4 27. Qe5 Qxe5 28. dxe5 Nc7 29. Kf2 g5 30. Ne4 g4 31. Nd6 Ba8 32. fxg4 f6 33. Nf5+ Kf7 34. exf6 Kxf6 35. Nxh4 Ne6 36. Nf3 Nc5 37. Bc2 Rc8 38. g5+ Ke6 39. h4 Ne4+ 40. Bxe4 dxe4 41. Nd4+ Ke5 42. Ke3 Rh8 43. g3 Bd5 44. Rf1 Bxa2 45. b3 Rc8 46. Rf5+ Kd6 47. Rf6+ Kd5 48. Rf5+ Kd6 49. Kd2 Bb1 50. Rf1 Bd3 51. Rf7 Ke5 52. Rd7 Rf8 53. g6 Rf2+ 54. Ke3 Rg2 55. h5 Rxg3+ 56. Kf2 Rg5 57. g7 Kf6 58. h6 a5 59. h7 e3+ 60. Kxe3 Bxh7 61. Rd6+ Kf7 62. Rxb6 Re5+ 63. Kd2 Kxg7 64. Rb7+ Kg8 65. Rb5 Re4 66. Nc6 a4 67. bxa4 Rxa4 68. Rb8+ 1/2-1/2

[Event "FIDE Womens World Cup 2021"]
[Site "Sochi"]
[Date "2021.07.17"]
[Round "2.5"]
[White "Skripchenko, Almira"]
[Black "Sebag, Marie"]
[Result "1/2-1/2"]
[ECO "B51"]
[WhiteElo "2411"]
[BlackElo "2438"]
[Annotator "NA"]
[PlyCount "73"]
[EventDate "2021.07.12"]
[EventType "k.o."]
[EventCountry "RUS"]
[SourceTitle "playchess.com"]
[Source "ChessBase"]
[SourceQuality "1"]
[TimeControl "600+10"]

1. e4 c5 2. Nf3 d6 3. Bb5+ Nd7 4. d4 cxd4 5. Qxd4 a6 6. Bxd7+ Bxd7 7. c4 Nf6 8. Bg5 g6 9. Bxf6 exf6 10. Nc3 Be6 11. O-O Bg7 12. Rad1 O-O 13. Qd3 f5 14. exf5 Bxf5 15. Qxd6 Qxd6 16. Rxd6 Bxc3 17. bxc3 Rac8 18. Rd4 Rc5 19. Re1 Rfc8 20. Re7 Rxc4 21. Rxb7 Rxd4 22. Nxd4 Rxc3 23. h3 Bd3 24. Nb3 Bb5 25. Nd4 Rc1+ 26. Kh2 Bd3 27. f3 Rc4 28. Rd7 Ra4 29. Nb3 Bc4 30. Rd4 Bxb3 31. Rd8+ Kg7 32. axb3 Ra2 33. b4 h5 34. Ra8 Ra4 35. Rb8 h4 36. Rb6 Kh6 37. b5 1/2-1/2

[Event "FIDE Womens World Cup 2021"]
[Site "Sochi"]
[Date "2021.07.17"]
[Round "2.5"]
[White "Socko, Monika"]
[Black "Cramling, Pia"]
[Result "0-1"]
[ECO "E01"]
[WhiteElo "2393"]
[BlackElo "2459"]
[Annotator "ChessBase"]
[PlyCount "80"]
[EventDate "2021.07.12"]
[EventType "k.o."]
[EventCountry "RUS"]
[SourceTitle "playchess.com"]
[Source "ChessBase"]
[SourceQuality "1"]
[TimeControl "600+10"]

1. d4 Nf6 2. c4 e6 3. g3 d5 4. Bg2 Bb4+ 5. Nd2 O-O 6. Qc2 b6 7. Ngf3 Bb7 8. O-O a5 9. b3 Be7 10. Bb2 Na6 11. Rac1 Rc8 12. cxd5 exd5 13. Qf5 c5 14. Rfd1 Qe8 15. dxc5 Nxc5 16. Ng5 g6 17. Qb1 Ne6 18. Nxe6 fxe6 19. Nf3 Ne4 20. Bd4 Bc5 21. Qb2 Qe7 22. Qa1 Ba6 23. Bxc5 bxc5 24. Re1 a4 25. Qe5 Rf5 26. Qb2 Qd6 27. Nh4 Rf7 28. Bxe4 dxe4 29. Red1 Qb6 30. Qe5 c4 31. e3 axb3 32. axb3 cxb3 33. Rxc8+ Bxc8 34. Qxe4 b2 35. Qc2 Rc7 36. Qb1 Bb7 37. Nxg6 Qc6 38. e4 Qxe4 39. Rd8+ Kf7 40. Ne5+ Kg7 0-1

[Event "FIDE Womens World Cup 2021"]
[Site "Sochi"]
[Date "2021.07.17"]
[Round "2.6"]
[White "Cramling, Pia"]
[Black "Socko, Monika"]
[Result "1/2-1/2"]
[ECO "A04"]
[WhiteElo "2459"]
[BlackElo "2393"]
[Annotator "ChessBase"]
[PlyCount "91"]
[EventDate "2021.07.12"]
[EventType "k.o."]
[EventCountry "RUS"]
[SourceTitle "playchess.com"]
[Source "ChessBase"]
[SourceQuality "1"]
[TimeControl "600+10"]

1. Nf3 c5 2. c4 Nc6 3. Nc3 e5 4. e3 Nf6 5. Be2 Be7 6. O-O O-O 7. d4 d6 8. d5 Nb8 9. e4 Nbd7 10. Ne1 Ne8 11. a3 Bg5 12. Nd3 g6 13. g3 Ng7 14. Bxg5 Qxg5 15. Qc1 Qe7 16. f4 exf4 17. gxf4 f5 18. e5 dxe5 19. fxe5 Nxe5 20. Qe3 Re8 21. Nxe5 Qxe5 22. Qxc5 f4 23. Qf2 Bh3 24. Rfe1 Qg5+ 25. Kh1 Nf5 26. Bf1 Ng3+ 27. hxg3 fxg3 28. Qc2 g2+ 29. Bxg2 Bxg2+ 30. Kh2 Rxe1 31. Rxe1 Qh4+ 32. Kxg2 Qxe1 33. Ne4 Rf8 34. Nf2 Qe3 35. b3 Qe5 36. Qd2 Rf6 37. c5 Rf5 38. d6 Qxc5 39. Ne4 Qb5 40. Qd1 Qd7 41. Qd4 Kf7 42. Qc4+ Kg7 43. Qc3+ Kf7 44. Qc4+ Kf8 45. Qc3 Kf7 46. Qc4+ 1/2-1/2